 Dungeon Crawl Stone Soup version 0.19-a0-1051-gdb7e7f8 (webtiles) character file.

368 Musica the Skirmisher (level 7, -4/59 HPs)
             Began as a Formicid Fighter on Aug 2, 2016.
             Was an Initiate of Makhleb.
             Slain by a slave (8 damage)
             ... led by Pikel
             ... on level 4 of the Dungeon.
             The game lasted 00:08:46 (2252 turns).

Musica the Skirmisher (Formicid Fighter)            Turns: 2252, Time: 00:08:47

Health: -4/59      AC:  6    Str: 20 (23) XL:     7   Next: 1%
Magic:  7/7        EV:  7    Int:  7      God:    Makhleb [......]
Gold:   130        SH: 10    Dex: 12      Spells: 0 memorised, 6 levels left

rFire  . . .     SeeInvis +     a - +0 trident
rCold  . . .     Gourm    .     b - +0 scale mail
rNeg   . . .     Faith    .     c - +1 shield
rPois  .         Spirit   .     (helmet unavailable)
rElec  .         Dismiss  .     (no cloak)
rCorr  .         Reflect  .     (no gloves)
SustAt .         Harm     .     (no boots)
MR     .....                    (no amulet)
Stlth  ..........               (no ring)
                                d - +2 ring of strength

@: not resistant to hostile enchantments, extremely unstealthy
A: permanent stasis, dig shafts and tunnels, four strong arms, antennae 3,
deterioration 1, regeneration 1
a: Dig, Shaft Self, Renounce Religion


You were on level 4 of the Dungeon.
You worshipped Makhleb.
Makhleb was noncommittal.
You were not hungry.

You visited 2 branches of the dungeon, and saw 6 of its levels.

You collected 130 gold pieces.

Inventory:

Hand Weapons
 a - a +0 trident (weapon)
Missiles
 k - 40 poisoned needles
Armour
 b - a +0 scale mail (worn)
 c - a +1 shield (worn)
Jewellery
 d - a +2 ring of strength (left hand)
Scrolls
 e - 2 scrolls of enchant armour
 i - 2 scrolls of identify
 o - 3 scrolls of magic mapping
Comestibles
 f - 4 bread rations
 g - 2 meat rations
 h - 3 chunks of flesh
 j - 3 fruits


   Skills:
 + Level 6.4 Fighting
 + Level 4.6 Polearms
 - Level 3.2 Armour
 - Level 3.6 Shields
 * Level 0.2 Invocations


You had 6 spell levels left.
You didn't know any spells.

Dungeon Overview and Level Annotations

Branches:
Dungeon (5/15)             Temple (1/1) D:5

Altars:
Cheibriados
Hepliaklqana
Kikubaaqudgha
Makhleb
Nemelex Xobeh
Okawaru
Pakellas
Qazlal
Ru
Sif Muna
Trog
Uskayaw
Yredelemnul
Zin

Annotations:
D:4 Pikel


Innate Abilities, Weirdness & Mutations

You are under a permanent stasis effect.
You can dig through walls and to a lower floor.
Your four strong arms can wield two-handed weapons with a shield.
You have a pair of large antennae on your head. (SInv)
Your body sometimes deteriorates upon taking damage.
Your natural rate of healing is unusually fast.


Message History

Pikel is moderately wounded.
The slave hits you!
* * * LOW HITPOINT WARNING * * *
Pikel hits you with a whip of flaming.
* * * LOW HITPOINT WARNING * * *
Pikel burns you.
* * * LOW HITPOINT WARNING * * *
The slave hits you but does no damage. x2
Okay, then.
You block the slave's attack.
As you read the scroll labeled TYPNAF WESURA, it crumbles to dust.
It is a scroll of enchant armour.
Your +0 shield glows green for a moment.
You block the slave's attack.
Pikel says, "I'm sure they'll be treated well, anyway."
As you read the scroll labeled ZUODWOCASM, it crumbles to dust.
It is a scroll of identify.
o - 3 scrolls of magic mapping The slave hits you!
You die...

#+##.###
###.##.#<#####
#....#.......#
#....#...###.#
#........###.#
#########.....pp.....#
#...........#.K#.#####
#............#p#.####
#.........####@#....#
#.........#....####.#
#.....รท...#.##.####.#
#.........#.#.......#
#.........#.#...#####
#.........#.....#
#.........###...###
#.........#.......#
#.........#.#.###.#


You could see Pikel and 3 slaves.

Vanquished Creatures
  Grinder (D:3)
  2 orc wizards (D:3)
  4 adders
  An adder skeleton (D:4)
  4 worms
  3 dart slugs
  2 giant geckos
  3 orcs (D:3)
  3 ball pythons
  3 giant cockroaches
  6 hobgoblins
  4 jackals (D:3)
  3 quokkas (D:2)
  5 bats
  4 giant newts
  6 goblins
  5 kobolds
  3 rats
62 creatures vanquished.

Notes
Turn   | Place    | Note
-------+----------+-------------------------------------------
     0 | D:1      | Musica the Formicid Fighter began the quest for the Orb.
     0 | D:1      | Reached XP level 1. HP: 18/18 MP: 1/1
   264 | D:1      | Reached XP level 2. HP: 20/24 MP: 2/2
   672 | D:1      | Reached skill level 4 in Fighting
   689 | D:2      | Reached XP level 3. HP: 29/30 MP: 3/3
   764 | D:2      | Reached XP level 4. HP: 21/38 MP: 4/4
   881 | D:2      | Gained mutation: Your natural rate of healing is unusually fast. [potion of beneficial mutation]
  1269 | D:3      | Noticed Grinder
  1289 | D:3      | Killed Grinder
  1289 | D:3      | Reached skill level 6 in Fighting
  1289 | D:3      | Reached XP level 5. HP: 24/46 MP: 5/5
  1289 | D:3      | Reached XP level 6. HP: 28/52 MP: 6/6
  1592 | D:3      | Gained mutation: You are partially covered in slimy green scales. (AC +2) [potion of mutation]
  1592 | D:3      | Gained mutation: Your body sometimes deteriorates upon taking damage. [potion of mutation]
  1592 | D:3      | Lost mutation: You are partially covered in slimy green scales. (AC +2) [potion of mutation]
  1877 | D:5      | Entered Level 5 of the Dungeon
  1877 | D:5      | Found a staircase to the Ecumenical Temple.
  1880 | Temple   | Entered the Ecumenical Temple
  2116 | Temple   | Became a worshipper of Makhleb the Destroyer
  2143 | D:4      | Reached XP level 7. HP: 59/59 MP: 7/7
  2201 | D:4      | Noticed Pikel
  2248 | D:4      | HP: 2/59 [Pikel/whip of flaming (1)]
  2252 | D:4      | Slain by a slave

Vault maps used:
D:1:      lemuel_arrival_lava_pool, minmay_pentomino_w4
D:2:      dk_noncrumbling_4
D:3:      first_bread, minmay_misc_feat_roman, grunt_ministairs_12, uniq_grinder
D:4:      nrook_mini_vaults, uniq_pikel
D:5:      serial_shops, nicolae_shop_behind_doors, uniq_eustachio
Temple:   eino_temple_water

Skill      XL: |  1  2  3  4 |
---------------+-------------+-----
Fighting       | 4 6 |  6.4
Polearms       | 4 |  4.6
Armour         | |  3.2
Shields        | |  3.6
Invocations    | |  0.2

Action                   |  1- 3 |  4- 6 |  7- 9 || total
-------------------------+-------+-------+-------++-------
Melee: Trident           |    70 |   152 |    23 ||   245
  Use: Potion            |       |     6 |     1 ||     7
       Scroll            |       |       |     2 ||     2
  Eat: Chunk             |       |     4 |     1 ||     5
Armor: Scale mail        |    31 |    51 |    13 ||    95
Dodge: Dodged            |    16 |    33 |    14 ||    63
Block: Shield            |    25 |    72 |    22 ||   119
